 Dungeon Crawl Stone Soup version 0.22-a0-192-g6ffc940 (webtiles) character file.

70 Amnesiac the Sneak (level 4, 0/30 HPs)
             Began as a Mummy Earth Elementalist on Feb 16, 2018.
             Slain by an adder (1 damage)
             ... on level 4 of the Dungeon.
             The game lasted 00:05:10 (1394 turns).

Amnesiac the Sneak (Mummy Earth Elementalist)       Turns: 1394, Time: 00:05:10

Health: 0/30       AC:  2    Str: 11    XL:     4   Next: 3%
Magic:  0/8        EV: 12    Int: 15    God:
Gold:   48         SH:  0    Dex: 12    Spells: 2/8 levels left

rFire    x . .     SeeInvis .   a - +0 dagger
rCold    + . .     Gourm    .   (no shield)
rNeg     + + +     Faith    .   c - +0 robe
rPois    ∞         Spirit   .   (no helmet)
rElec    .         Reflect  .   (no cloak)
rCorr    .         Harm     .   (no gloves)
MR       .....                  (no boots)
Stlth    ++........             (no amulet)
HPRegen  0.10/turn              (no ring)
MPRegen  0.11/turn              (no ring)

@: very slightly contaminated
A: no food or potions, fire vulnerability, cold resistance 1, negative energy
resistance 3, torment resistance, unbreathing
a: no special abilities


You were on level 4 of the Dungeon.
You were not hungry.

You visited 1 branch of the dungeon, and saw 4 of its levels.
You also visited: Sewer.

You collected 48 gold pieces.

Inventory:

Hand Weapons
 a - a +0 dagger (weapon)
Armour
 c - a +0 robe (worn)
Jewellery
 e - an uncursed ring of wizardry {unknown}
Scrolls
 f - a scroll of amnesia {!r, unknown}
 h - a scroll of blinking {!r, unknown}
Books
 d - a book of Geomancy

   Spells                             Type                      Level
   a - Sandblast                      Earth                        1
   b - Passwall                       Transmutation/Earth          2
   c - Stone Arrow                    Conjuration/Earth            3
   d - Petrify                        Transmutation/Earth          4
   e - Lee's Rapid Deconstruction     Earth                        5


   Skills:
 - Level 1.5 Dodging
 - Level 3.7 Stealth
 + Level 2.6 Spellcasting
 - Level 0.7 Transmutations
 * Level 2.6 Earth Magic


You had 2 spell levels left.
You knew the following spells:

 Your Spells              Type           Power        Failure   Level  Hunger
a - Stone Arrow           Conj/Erth      #.....       34%         3    N/A
b - Passwall              Tmut/Erth      #.........   16%         2    N/A
c - Sandblast             Erth           #.....       7%          1    N/A

Dungeon Overview and Level Annotations

Branches:
Dungeon (4/15)
 Temple: D:4-7

Altars:

Shops:
D:4 *

Annotations:
D:3 vishdafish's ghost, amateur DsFi


Innate Abilities, Weirdness & Mutations

You do not eat or drink.
Your flesh is vulnerable to fire.
You are immune to poison.
Your flesh is cold resistant. (rC+)
You are immune to negative energy. (rN+++)
You are immune to unholy pain and torment.
You can survive without breathing.


Message History

The iguana hisses angrily.
There is an open door here.
The ogre shouts!
You hear a shout! x2
You close the door.
Really read
g - a scroll of teleportation {!r}?
As you read the scroll of teleportation {!r}, it crumbles to dust.
You feel strangely unstable.
A gnoll comes into view.
Your surroundings suddenly seem different.
The adder hisses angrily.
Casting: Sandblast (safe; 7% risk of failure)
Confirm with . or Enter, or press ? or * to list all spells.
Aiming: Sandblast (safe; 7% risk of failure)
Press: ? - help, Shift-Dir - straight line, f - adder
Aim: an adder You don't have any stones to cast with.
Unknown command.
Adjust (i)tems, (s)pells, or (a)bilities?
Adjust which spell? c - Stone Arrow Adjust to which letter? a - Stone Arrow; c - Sandblast
Casting: Sandblast (safe; 7% risk of failure)
Confirm with . or Enter, or press ? or * to list all spells.
Aiming: Stone Arrow (safe; 34% risk of failure)
Press: ? - help, Shift-Dir - straight line, f/p - adder
Aim: an adder The stone arrow misses the adder.
Unknown command.
Casting: Stone Arrow (safe; 34% risk of failure)
Confirm with . or Enter, or press ? or * to list all spells.
Aiming: Stone Arrow (safe; 34% risk of failure)
Press: ? - help, Shift-Dir - straight line, f/p - adder
Aim: an adder You miscast Stone Arrow.
You are very lightly contaminated with residual magic.
You feel a strange surge of energy! The adder barely misses you.
Unknown command.
Casting: Stone Arrow (safe; 34% risk of failure)
Confirm with . or Enter, or press ? or * to list all spells.
You don't have enough magic to cast that spell.
Unknown command.
You closely miss the adder. The adder bites you but does no damage.
The adder bites you.
* * * LOW HITPOINT WARNING * * *
The adder bites you.
* * * LOW HITPOINT WARNING * * *
Casting: Stone Arrow (safe; 34% risk of failure)
Confirm with . or Enter, or press ? or * to list all spells.
Aiming: Stone Arrow (safe; 34% risk of failure)
Press: ? - help, Shift-Dir - straight line, f/p - adder
Aim: an adder You miscast Stone Arrow.
The air around you crackles with energy!
The adder closely misses you. x2
Unknown command.
You hit the adder.
The adder is moderately wounded.
The adder bites you.
* * * LOW HITPOINT WARNING * * *
You barely miss the adder.
The adder is moderately wounded.
The adder bites you.
You die...

..'.....!...+...............
###.........####....#####.##
##.......# ##.#.## ##.....##
###..# ##...## ##.# ##'##
#.##### #.# ##.....# #.#
########..###.# ##.##
#...S@.....##.#
##...###.###.####..#.#
#.....##.#≈###≈≈##'..#
##.......#≈'≈≈≈≈≈≈#..#
#######...#..#.'S≈≈≈≈≈#.##
.........##..#≈###≈≈##+.#
######...##..### #### .##
##.####.. # #.# ####
##########


You could see an adder.

Vanquished Creatures
  4 adders
  A leopard gecko (D:4)
  2 orcs (D:4)
  4 giant cockroaches (D:4)
  3 jackals
  7 kobolds
  5 ball pythons
  2 frilled lizards
  3 rats
31 creatures vanquished.

Notes
Turn   | Place    | Note
-------+----------+-------------------------------------------
     0 | D:1      | Amnesiac the Mummy Earth Elementalist began the quest for the Orb.
     0 | D:1      | Reached XP level 1. HP: 13/13 MP: 4/4
   322 | D:3      | Noticed vishdafish's ghost (amateur DsFi)
   330 | D:4      | Found Hint's General Store.
   362 | D:4      | Reached skill level 2 in Stealth
   375 | D:4      | Reached XP level 2. HP: 10/19 MP: 0/5
   379 | D:4      | Learned a level 2 spell: Passwall
   418 | D:4      | Noticed an ogre
   690 | D:4      | Reached XP level 3. HP: 14/24 MP: 4/7
   707 | D:4      | Found a glowing drain.
   711 | Sewer    | Entered a sewer
   739 | Sewer    | Reached skill level 3 in Stealth
  1090 | Sewer    | Reached XP level 4. HP: 9/30 MP: 3/8
  1103 | Sewer    | Learned a level 3 spell: Stone Arrow
  1393 | D:4      | HP: 1/30 [adder (2)]
  1394 | D:4      | Slain by an adder

Vault maps used:
D:1:      ncdulo_lavacross
D:2:      nicolae_ru_awakened_eye
D:3:      first_ration, fedhas_altar_1
D:4:      enter_ossuary_2, gup_sewer_entry_bowl, serial_shops, shop
Sewer:    sewer_co_scattered_pipes

Skill      XL: |  1  2  3 |
---------------+----------+-----
Stealth        | 2 3 |  3.7
Dodging        | |  1.5
Spellcasting   | |  2.6
Transmutations | |  0.7
Earth Magic    | |  2.6

Action                   |  1- 3 |  4- 6 || total
-------------------------+-------+-------++-------
Melee: Dagger            |    44 |     6 ||    50
 Cast: Sandblast         |    49 |     1 ||    50
       Stone Arrow       |       |     1 ||     1
  Use: Scroll            |       |     2 ||     2
 Stab: Sleeping          |     1 |       ||     1
Armor: Robe              |    18 |    15 ||    33
Dodge: Dodged            |    61 |    15 ||    76

Table legend:
 A = Spawn XP
 B = Non-spawn XP
 C = Spawn XP percentage of total XP
 D = Spawn monster count
 E = Non-spawn monster count
 F = Spawn count percentage of total count
 G = Total turns spent on level
                    A         B        C        D         E        F      G
               +---------+---------+-------+---------+---------+-------+---------
         Total |       0 |     100 |   0.0 |       0 |      31 |   0.0 |  1394
               +---------+---------+-------+---------+---------+-------+---------
           D:1 |       0 |       8 |   0.0 |       0 |       5 |   0.0 |   265
           D:2 |       0 |       1 |   0.0 |       0 |       1 |   0.0 |    53
           D:4 |       0 |      36 |   0.0 |       0 |      12 |   0.0 |   436
         Sewer |       0 |      55 |   0.0 |       0 |      13 |   0.0 |   607
               +---------+---------+-------+---------+---------+-------+---------
